 Dungeon Crawl Stone Soup version 0.27-a0-1557-g57f10a385c (webtiles) character file.

Game seed: 18114870194316091290

374888 quinnr the Meteorologist (level 22, 0/138 HPs)
             Began as a Tengu Air Elementalist on July 15, 2021.
             Was the Champion of Vehumet.
             Killed from afar by a deep elf high priest (40 damage)
             ... with damnation
             ... on level 5 of the Vaults.
             The game lasted 03:30:58 (72510 turns).

quinnr the Meteorologist (Tengu Air Elementalist)  Turns: 72510, Time: 03:30:58

Health: 0/138      AC: 22    Str:  9    XL:     22   Next: 75%
Magic:  7/42       EV: 36    Int: 23    God:    Vehumet [******]
Gold:   3115       SH:  0    Dex: 17    Spells: 3/52 levels left

rFire    + . .     SeeInvis .   (weapon currently unavailable)
rCold    . . .     Faith    .   (shield currently unavailable)
rNeg     . . .     Spirit   .   (armour currently unavailable)
rPois    ∞         Reflect  .   (helmet currently unavailable)
rElec    +         Harm     .   (cloak currently unavailable)
rCorr    +         Rampage  .   (gloves currently unavailable)
Will     +....                  (boots unavailable)
Stlth    +++++.....             w - amulet of magic regeneration
HPRegen  0.33/turn              Q - ring of protection from fire
MPRegen  0.53/turn              R - ring "Cimm" {Wiz rCorr}

@: about to teleport, storm-form, flying quickly and evasively, studying
Stealth, invisible, quick
A: cleaving, flying, (beak), (talons 3), nimble flight
}: 2/15 runes: serpentine, barnacled
a: Blinkbolt, End Transformation, Renounce Religion


You were on level 5 of the Vaults.
You worshipped Vehumet.
Vehumet was exalted by your worship.
You were a lightning-filled tempest!
You visited 7 branches of the dungeon, and saw 37 of its levels.
You visited the Abyss 1 time.
You also visited: Ossuary, Ice Cave and Volcano.

You collected 5364 gold pieces.
You spent 2249 gold pieces at shops.

Inventory:

Missiles
 j - 15 curare-tipped darts
 E - 11 atropa-tipped darts
 U - 3 throwing nets
Armour
 h - a +2 hat of willpower (melded)
 n - a +3 buckler of cold resistance (melded)
 r - a +2 cloak of poison resistance (melded)
 G - the +0 pair of gloves "Wapsur Hent" (melded) {rN+}
   (You found it on level 3 of the Lair of Beasts)

   rN:        It protects you from negative energy.
 T - a +2 robe of the Archmagi (melded)
Magical Staves
 d - a staff of air (melded)
 e - a staff of poison
 i - a staff of cold
Jewellery
 w - an amulet of magic regeneration (around neck)
 C - an amulet of reflection
 F - a ring of see invisible
 K - an amulet of the acrobat
 Q - a ring of protection from fire (left hand)
 R - the ring "Cimm" (right hand) {Wiz rCorr}
   (You bought it in a shop on level 8 of the Dungeon)

   [ring of wizardry]

   It improves your spell success rate.
   rCorr:     It protects you from acid and corrosion.
Wands
 b - a wand of charming (22)
 y - a wand of paralysis (29)
 H - a wand of digging (13)
 I - a wand of flame (60)
 L - a wand of polymorph (7)
 O - a wand of acid (48)
 P - a wand of mindburst (20)
 S - a wand of iceblast (89)
Scrolls
 a - 4 scrolls of holy word
 f - 6 scrolls of teleportation
 g - 7 scrolls of fear
 k - 5 scrolls of fog
 l - 6 scrolls of enchant weapon
 m - 7 scrolls of immolation
 u - a scroll of torment
 J - 13 scrolls of identify
 N - 4 scrolls of amnesia
 V - a scroll of silence
 Z - 3 scrolls of magic mapping
Potions
 c - a potion of resistance
 o - 5 potions of attraction
 p - 15 potions of curing
 q - a potion of magic
 s - a potion of invisibility
 t - 4 potions of brilliance
 x - 2 potions of haste
 z - 9 potions of lignification
 A - 5 potions of berserk rage
 B - 4 potions of might
 W - a potion of cancellation
 Y - 6 potions of mutation
Miscellaneous
 D - a phantom mirror
 M - a box of beasts


   Skills:
 + Level 14.5 Fighting
 - Level 1.0 Short Blades
 - Level 0.2 Slings
 - Level 6.0 Armour
 * Level 13.5 Dodging
 - Level 10.0 Stealth
 - Level 4.0 Shields
 - Level 15.5 Spellcasting
 - Level 15.0 Conjurations
 - Level 5.0 Summonings
 - Level 7.0 Transmutations
 - Level 7.3 Ice Magic
 O Level 27 Air Magic
 - Level 5.0 Poison Magic


You had 3 spell levels left.
You knew the following spells:

 Your Spells              Type           Power      Damage    Failure   Level
a - Shock                 Conj/Air       100%       1d9       0%          1
b - Airstrike             Air            48%        N/A       0%          4
c - Mephitic Cloud        Conj/Pois/Air  74%        N/A       0%          3
d - Silence               Hex/Air        34%        N/A       1%          5
e - Poisonous Vapours     Pois/Air       100%       N/A       0%          2
f - Freezing Cloud        Conj/Ice/Air   38%        6-21      1%          5
g - Ignite Poison         Fire/Tmut/Pois 36%        N/A       1%          3
h - Conjure Ball Lightni  Conj/Air       42%        3x3d15    1%          6
i - Summon Lightning Spi  Summ/Air       74%        N/A       1%          4
j - Storm Form            Tmut/Air       38%        N/A       1%          7
k - Chain Lightning       Conj/Air       42%        3d56      7%          9

Your spell library contained the following spells:

 Spells                   Type           Power      Damage    Failure   Level
 Maxwell's Capacitive Co  Air            48%        ∞         1%          8
 Ignition                 Fire           8%         3d5       100%        8
 Magic Dart               Conj           100%       1d8       0%          1
 Static Discharge         Conj/Air       85%        N/A       0%          2
 Swiftness                Air            97%        N/A       0%          3
 Animate Skeleton         Necr           34%        N/A       1%          1
 Apportation              Tloc           34%        N/A       1%          1
 Corona                   Hex            18%        N/A       1%          1
 Foxfire                  Conj/Fire      100%       2x1d9     1%          1
 Pain                     Necr           68%        1d7       1%          1
 Summon Small Mammal      Summ           100%       N/A       1%          1
 Blink                    Tloc           N/A        N/A       1%          2
 Call Imp                 Summ           40%        N/A       1%          2
 Sublimation of Blood     Necr           8%         N/A       1%          2
 Wereblood                Tmut           50%        N/A       1%          2
 Call Canine Familiar     Summ           40%        N/A       1%          3
 Conjure Flame            Conj/Fire      51%        6-21      1%          3
 Dazzling Flash           Conj/Hex       100%       N/A       1%          3
 Inner Flame              Hex/Fire       17%        N/A       1%          3
 Ozocubu's Armour         Ice            51%        N/A       1%          3
 Summon Guardian Golem    Hex/Summ       29%        N/A       1%          3
 Lesser Beckoning         Tloc           8%         N/A       4%          3
 Vampiric Draining        Necr           8%         2d7       4%          3
 Fulminant Prism          Conj/Hex       25%        3d14      1%          4
 Iskenderun's Mystic Bla  Conj/Tloc      51%        2d11      1%          4
 Sticky Flame             Conj/Fire      51%        2d7       1%          4
 Summon Ice Beast         Ice/Summ       46%        N/A       1%          4
 Fireball                 Conj/Fire      25%        3d11      1%          5
 Iskenderun's Battlesphe  Conj           72%        2d12      1%          5
 Orb of Destruction       Conj           36%        9d13      1%          7
 Iron Shot                Conj/Erth      25%        9d5       2%          6
 Starburst                Conj/Fire      25%        8x6d8     2%          6
 Petrify                  Tmut/Erth      33%        N/A       3%          4
 Alistair's Intoxication  Tmut/Pois      30%        N/A       3%          5
 Eringya's Noxious Bog    Tmut/Pois      22%        N/A       4%          6
 Spellforged Servitor     Conj/Summ      29%        N/A       5%          7
 Metabolic Englaciation   Hex/Ice        17%        N/A       9%          5
 Lee's Rapid Deconstruct  Erth           8%         3d8*      10%         5
 Animate Dead             Necr           8%         N/A       13%         4
 Cause Fear               Hex            8%         N/A       13%         4
 Summon Forest            Summ/Tloc      14%        N/A       13%         5
 Ozocubu's Refrigeration  Ice            25%        4d10      14%         7
 Agony                    Necr           17%        N/A       32%         5
 Borgnjor's Vile Clutch   Necr/Erth      8%         N/A       32%         5
 Manifold Assault         Tloc           17%        N/A       32%         5
 Statue Form              Tmut/Erth      22%        N/A       41%         6
 Dragon Form              Tmut           25%        N/A       50%         7
 Monstrous Menagerie      Summ           20%        N/A       77%         7
 Summon Hydra             Summ           20%        N/A       77%         7
 Death Channel            Necr           8%         N/A       86%         6
 Dragon's Call            Summ           20%        N/A       100%        9


Dungeon Overview and Level Annotations

Branches:
Dungeon (15/15)            Temple (1/1) D:7            Lair (6/6) D:10
 Shoals (4/4) Lair:3        Snake (4/4) Lair:4        Slime (0/5) Lair:5
    Orc (2/2) D:12            Elf (0/3) Orc:2        Vaults (5/5) D:13
  Crypt (0/3) Vaults:2     Depths (0/5) D:15        Ossuary (visited)
  IceCv (visited)         Volcano (visited)

Altars:
Ashenzari
Cheibriados
Dithmenos
Elyvilon
Fedhas
Gozag
Hepliaklqana
Kikubaaqudgha
Makhleb
Nemelex Xobeh
Okawaru
Qazlal
Ru
Sif Muna
Trog
Uskayaw
Vehumet
Wu Jian
Xom
Yredelemnul
Zin
The Shining One
Beogh
Jiyva

Shops:
D:1 *   D:8 =   D:12 ?   Orc:2 :*[(   Snake:1 [   Vaults:2 *

Portals:
Trove: D:12 (give 2 scrolls of acquirement)


Innate Abilities, Weirdness & Mutations

You are a lightning-filled tempest!
Your stormy fists strike out in all directions at once.
You are incredibly evasive.
You are flying.
You are immune to poison.
Your armour is entirely melded.
You are incapable of wielding weapons or throwing items.
((You have a beak for a mouth.))
((You have claws for feet.))
Your magical nature lets you fly swiftly and evasively.


Message History

The vault guard seems to burn from within!!!
The vault guard is almost dead.
The vault guard hits you with a +2 war axe!
Unknown command.
Casting: Ignite Poison (safe; 1% risk of failure)
Confirm with . or Enter, or press ? or * to list all spells.
Aiming: Poisonous Vapours (safe; 0% risk of failure)
Press: ? - help, Dir - move target, f/p - vault guard
Aim: a vault guard, wielding a +2 war axe, wearing a +0 plate armour and wearing a +0 kite shield (almost dead) Poisonous vapours surround the vault guard!
The vault guard is poisoned.
The vault guard hits you with a +2 war axe!
* * * LOW HITPOINT WARNING * * *
Casting: Poisonous Vapours (safe; 0% risk of failure)
Confirm with . or Enter, or press ? or * to list all spells.
You ignite the poison in your surroundings!
The vault guard seems to burn from within!!
You kill the vault guard!
Vehumet accepts your kill.
You feel your power returning.
An ettin comes into view.
It is wielding a +0 great mace and a +0 dire flail.
A deep elf high priest comes into view.
It is wielding a +0 long sword and wearing a +3 leather armour of fire resistance.
A yaktaur comes into view.
It is wielding the +5 morningstar "Killer Klown's Regret" {protect, Drain Will++ Dex+5}.
Unknown command.
As you read the scroll of teleportation, it crumbles to dust.
You feel strangely unstable.
The yaktaur unwields the +5 morningstar "Killer Klown's Regret" {protect, Drain Will++ Dex+5}.
The yaktaur wields a +0 arbalest of flaming.
It bursts into flame!
The yaktaur shoots a bolt.
The bolt completely misses you.
Okay, then.
Okay, then.
Unknown command.
Unknown command.
You fade into invisibility!
The sentinel's mark upon you fades away.
The storm dragon's soul is no longer bound.
The deep elf high priest invokes the aid of its god against you.
The sphere of damnation explodes!
The damnation engulfs you!!!
You die...

##########
........#
......#
#########De..#
#......C.)C..#
##....C...p#..#
#......#.8.#v.#
#....p.#...#..#
##.....##..#..#
#....e.####..#
##/...4...#..#
###......#..#
.####...#..#
.W..DW..#c.#
####..W....#


You could see a storm dragon, a frost giant, a deep elf high priest and a
yaktaur.

Vanquished Creatures
  2 titans
  A lich (Vaults:4)
  A kraken (Shoals:3)
  An ancient champion (Vaults:2)
  Agnes (Snake:3)
  Polyphemus (Shoals:3)
  2 sphinxes
  A tengu reaver (Vaults:4)
  A fenstrider witch (Shoals:1)
  6 nagarajas
  A fire giant (Vaults:3)
  6 vault wardens
  An orc warlord (Orc:2)
  2 frost giants
  3 very ugly things
  10 ironbound preservers
  2 stone giants (Vaults:5)
  The ghost of Emecuovvich the Bludgeoner, a journeyman OgBe of Trog (Lair:3)
  2 deep elf demonologists (Vaults:5)
  5 dire elephants
  5 entropy weavers
  The ghost of Omnamae the Cleaver, a journeyman MiBe of Trog (Lair:2)
  A deep elf high priest (Vaults:5)
  7 merfolk javelineers
  7 yaktaur captains
  Josephine (Orc:1)
  9 merfolk impalers
  5 ironbound thunderhulks
  Harold (D:9)
  5 catoblepae
  6 salamander tyrants (Snake:4)
  13 naga warriors
  2 ghost crabs (Lair:5)
  3 peacekeepers
  Erolcha (Orc:2)
  32 vault guards
  5 boulder beetles
  10 hydras
  An alligator snapping turtle (Shoals:3)
  14 centaur warriors
  10 anacondas
  4 merfolk aquamancers (Shoals:4)
  4 satyrs
  9 ironbound frosthearts
  Urug (D:11)
  9 two-headed ogres
  8 ironbound beastmasters
  14 shock serpents
  16 death yaks
  10 naga sharpshooters
  An orc high priest (Orc:2)
  Sonja (D:11)
  6 fire crabs (Lair:5)
  5 salamander mystics
  3 skeletal warriors (D:8)
  Nergalle (Orc:1)
  30 deep trolls
  20 sea snakes
  A death drake (shapeshifter) (Vaults:5)
  16 ironbound convokers
  4 naga ritualists
  12 lindwurms
  3 necromancers
  A phantasmal warrior (Vaults:5)
  3 deep elf pyromancers
  15 wizards
  Pikel (D:7)
  22 harpies
  7 orc knights
  4 orc sorcerers
  An oklob plant (Lair:2)
  An orb spider (shapeshifter) (D:14)
  31 ugly things
  13 manticores
  11 fauns
  10 mana vipers
  6 cyclopes
  21 salamanders
  17 elephants
  9 merfolk sirens
  6 guardian serpents
  Maurice (D:13)
  27 black mambas
  12 water nymphs
  An apocalypse crab (Lair:5)
  A torpor snail (Lair:6)
  7 gargoyles
  5 naga magi
  An ice statue (IceCv)
  A water nymph (shapeshifter) (Vaults:5)
  3 molten gargoyles (Volcano)
  A guardian serpent (shapeshifter) (D:14)
  Joseph (D:8)
  14 vault sentinels
  3 yaktaur zombies (Vaults:3)
  5 rime drakes
  11 cane toads
  A centaur skeleton (D:15)
  Maggie (D:7)
  Psyche (D:8)
  3 kobold demonologists
  11 komodo dragons
  3 unseen horrors (D:11)
  11 yaktaurs
  2 freezing wraiths
  An elf skeleton (Vaults:3)
  7 wind drakes
  16 polar bears
  Grinder (D:5)
  18 merfolk
  5 trolls
  A wind drake (shapeshifter) (D:14)
  28 slime creatures
  6 dream sheep
  6 blink frogs
  6 snapping turtles
  3 shadows
  2 redbacks
  61 yaks
  6 wyverns
  A centaur simulacrum (D:15)
  A vampire (D:12)
  18 water elementals
  9 air elementals (Shoals:4)
  4 basilisks
  6 wraiths
  10 humans (D:13)
  Grum (D:8)
  3 fire bats (Lair:6)
  Menkaure (D:7)
  3 vampire mosquitoes (D:12)
  34 nagas
  A human simulacrum (Vaults:3)
  3 wargs
  An acid dragon (D:10)
  2 two-headed ogre zombies (D:12)
  13 water moccasins
  36 orc warriors
  The ghost of DocClef the Covert, an amateur GnDe (D:6)
  2 necrophages
  2 black bears
  4 ogres
  38 wolves
  3 boggarts (D:14)
  16 centaurs
  A phantom (D:12)
  2 lemures (D:7)
  2 human skeletons (Vaults:3)
  18 bullfrogs
  A kobold brigand (D:10)
  3 gnoll sergeants
  3 scorpions
  A wyvern zombie (D:7)
  A glowing shapeshifter simulacrum (Vaults:3)
  4 water moccasin zombies
  13 killer bees (D:9)
  2 wights (D:8)
  2 howler monkeys (D:8)
  4 electric eels
  7 centaur zombies
  A bullfrog zombie (D:6)
  8 hounds
  12 orc priests
  Crazy Yiuf (D:7)
  2 gnoll shamans
  3 iguanas
  Ijyb (D:3)
  32 orc wizards
  2 killer bee zombies
  6 ogre zombies (D:12)
  2 mummies (Ossuary)
  5 adders
  25 gnolls
  2 shadow imps
  A white imp (D:7)
  An ufetubus (D:6)
  3 adder zombies (Ossuary)
  A worm (D:2)
  2 dart slugs (D:1)
  48 orcs
  5 ball pythons
  5 bats
  2 endoplasms (D:2)
  2 giant cockroaches
  8 gnoll zombies (Ossuary)
  8 goblins
  8 hobgoblins
  6 jackals (D:1)
  A quokka (D:2)
  3 frilled lizards (D:1)
  4 goblin zombies (D:12)
  A hobgoblin skeleton (D:12)
  11 hobgoblin zombies
  15 kobolds
  2 kobold zombies (Ossuary)
  3 orc skeletons (D:12)
  17 orc zombies
  5 rats
  3 tentacles (Shoals:3)
1384 creatures vanquished.

Vanquished Creatures (collateral kills)
  Jorgrun (Shoals:1)
  An ancient champion (Vaults:2)
  A vault warden (Vaults:3)
  An orc warlord (Vaults:3)
  2 stone giants (Vaults:5)
  3 ironbound preservers
  A vault guard (Vaults:2)
  3 naga warriors (Snake:4)
  A boulder beetle (D:13)
  2 salamander tyrants (Snake:4)
  An ironbound frostheart (Vaults:1)
  A centaur warrior (Vaults:3)
  An anaconda (Snake:4)
  A naga sharpshooter (Snake:4)
  2 salamander mystics
  A sea snake (Shoals:1)
  A glowing orange brain (Vaults:3)
  5 deep trolls
  A naga ritualist (Snake:4)
  2 wizards
  2 harpies (Vaults:1)
  A phantasmal warrior (Vaults:3)
  A necromancer (Vaults:3)
  An orc knight (Vaults:3)
  3 ugly things
  4 black mambas
  2 centaur zombies (D:15)
  2 guardian serpents (Snake:4)
  5 naga magi
  3 vault sentinels
  A torpor snail (shapeshifter) (Vaults:3)
  2 yaktaurs
  A wolf spider simulacrum (D:14)
  2 slime creatures
  An ettin skeleton (Vaults:3)
  14 nagas
  A centaur (D:14)
  A ball lightning (Snake:3)
79 creatures vanquished.

Vanquished Creatures (others)
  Nikola (Shoals:1)
  A deep troll (Vaults:4)
  A glowing orange brain (Vaults:3)
  A wizard (Vaults:2)
  An ironbound convoker (Vaults:4)
  32 ball lightnings
  34 fungi
  129 plants
  4 tentacles (Shoals:3)
  6 withered plants (Lair:3)
210 creatures vanquished.

Grand Total: 1673 creatures vanquished

Notes
Turn   | Place    | Note
-------+----------+-------------------------------------------
     0 | D:1      | quinnr the Tengu Air Elementalist began the quest for the
                  | Orb.
     0 | D:1      | Reached XP level 1. HP: 10/10 MP: 4/4
   113 | D:1      | Found Emay's Assorted Antiques.
   281 | D:1      | Reached XP level 2. HP: 12/15 MP: 1/6
   413 | D:1      | Reached skill level 1 in Shields
   699 | D:1      | Reached skill level 5 in Air Magic
   699 | D:1      | Reached XP level 3. HP: 19/19 MP: 4/7
  1500 | D:2      | Noticed a scorpion
  1509 | D:2      | Killed a scorpion
  1510 | D:2      | Reached skill level 7 in Air Magic
  1510 | D:2      | Reached XP level 4. HP: 24/24 MP: 3/8
  1510 | D:2      | Gained mutation: Your magical nature lets you fly swiftly
                  | and evasively. [Tengu growth]
  1510 | D:2      | Reached XP level 5. HP: 28/28 MP: 3/9
  1577 | D:2      | Learned a level 4 spell: Airstrike
  2523 | D:3      | Found a sparkling altar of Nemelex Xobeh.
  2585 | D:3      | Found a faded altar of an unknown god.
  2689 | D:3      | Found an ornate altar of the Wu Jian Council.
  2725 | D:4      | Identified a scroll of acquirement
  2728 | D:4      | Acquired a +2 hat of willpower
  2814 | D:4      | Noticed Ijyb
  2857 | D:3      | Killed Ijyb
  2936 | D:4      | Found a sand-covered staircase.
  2945 | Ossuary  | Entered an ossuary
  2950 | Ossuary  | Learned a level 2 spell: Static Discharge
  2983 | Ossuary  | Reached skill level 1 in Fighting
  3136 | Ossuary  | Reached skill level 1 in Short Blades
  3136 | Ossuary  | Reached XP level 6. HP: 34/34 MP: 10/10
  3457 | D:4      | Identified the +2 cloak "Ykosmuoc" {Str+5}
  3831 | D:4      | Reached XP level 7. HP: 41/41 MP: 8/12
  3831 | D:4      | Acquired 932 gold pieces
  3884 | D:1      | Bought a tiny zirconium amulet for 125 gold pieces
  3889 | D:1      | Bought a scroll labelled KEBASO PYKHUI for 25 gold pieces
  3889 | D:1      | Bought a scroll labelled MUATINK SEFI for 25 gold pieces
  3889 | D:1      | Bought 2 scrolls of teleportation for 150 gold pieces
  3889 | D:1      | Bought a lumpy emerald potion for 22 gold pieces
  3889 | D:1      | Bought a sapphire potion for 22 gold pieces
  4164 | D:5      | Entered Level 5 of the Dungeon
  4172 | D:5      | Noticed Grinder
  4192 | D:5      | Killed Grinder
  4931 | D:5      | Found a glowing golden altar of the Shining One.
  5088 | D:6      | Found a runed translucent gate.
  5107 | D:6      | Found a stormy altar of Qazlal.
  5148 | D:6      | Found a sacrificial altar of Ru.
  5157 | D:6      | Reached XP level 8. HP: 48/48 MP: 5/15
  5394 | D:6      | Found a runed translucent gate.
  5395 | D:6      | Found a runed translucent gate.
  5395 | D:6      | Noticed DocClef's ghost (amateur GnDe)
  5681 | D:6      | Found a hide-covered altar of Uskayaw.
  6065 | D:6      | Killed DocClef's ghost
  6131 | D:7      | Reached skill level 5 in Fighting
  6131 | D:7      | Reached skill level 5 in Dodging
  6192 | D:7      | Found Zin's Purification Station.
  6192 | D:7      | Found a glowing silver altar of Zin.
  6200 | D:7      | Bought a potion of curing for 90 gold pieces
  6207 | D:7      | Reached skill level 5 in Spellcasting
  6431 | D:7      | Reached skill level 8 in Air Magic
  6431 | D:7      | Reached XP level 9. HP: 54/54 MP: 12/17
  6565 | D:7      | Noticed Menkaure
  6568 | D:7      | Killed Menkaure
  6608 | D:7      | Noticed Maggie
  6617 | D:7      | Killed Maggie
  6618 | D:7      | Reached skill level 9 in Air Magic
  6684 | D:7      | Found a staircase to the Ecumenical Temple.
  6723 | D:7      | Noticed Pikel
  6737 | Temple   | Entered the Ecumenical Temple
  6809 | Temple   | Became a worshipper of Vehumet
  6859 | D:7      | Killed Pikel
  6860 | D:7      | Reached skill level 10 in Air Magic
  6939 | D:7      | Found a runed translucent door.
  6940 | D:7      | Noticed Crazy Yiuf
  7038 | D:7      | Learned a level 5 spell: Silence
  7212 | D:7      | Killed Crazy Yiuf
  7298 | D:7      | Reached skill level 11 in Air Magic
  7467 | D:7      | Reached XP level 10. HP: 47/63 MP: 3/18
  7592 | D:8      | Reached skill level 12 in Air Magic
  7851 | D:8      | Reached * piety under Vehumet
  7851 | D:8      | Offered knowledge of Foxfire by Vehumet.
  7948 | D:8      | Noticed a two-headed ogre
  8117 | D:8      | Killed a two-headed ogre
  8118 | D:8      | Reached skill level 13 in Air Magic
  8167 | D:8      | Noticed Psyche
  8170 | D:8      | Killed Psyche
  8266 | D:8      | Noticed a two-headed ogre
  8339 | D:8      | Noticed Joseph
  8569 | D:8      | Killed Joseph
  8776 | D:8      | Noticed Grum
  8779 | D:8      | Killed Grum
  8791 | D:8      | Offered knowledge of Poisonous Vapours by Vehumet.
  8801 | D:8      | Reached ** piety under Vehumet
  8805 | D:8      | Learned a level 2 spell: Poisonous Vapours
  8848 | D:8      | Killed a two-headed ogre
  8849 | D:8      | Reached skill level 14 in Air Magic
  8849 | D:8      | Reached XP level 11. HP: 69/69 MP: 1/20
  9044 | D:8      | Noticed a two-headed ogre
  9073 | D:8      | Killed a two-headed ogre
  9305 | D:8      | Found a broken altar of Ashenzari.
  9338 | D:8      | Found Gillom's Jewellery Emporium.
  9342 | D:8      | Bought the ring "Cimm" {Wiz rCorr} for 596 gold pieces
  9622 | D:9      | Noticed a skeletal warrior
  9682 | D:8      | Killed a skeletal warrior
 10292 | D:9      | Offered knowledge of Frozen Ramparts by Vehumet.
 10344 | D:9      | Identified the +7 long sword of Fate {vorpal, Int+2}
 10344 | D:9      | Noticed a skeletal warrior
 10347 | D:9      | Noticed a skeletal warrior
 10440 | D:8      | Killed a skeletal warrior
 10441 | D:8      | Reached skill level 15 in Air Magic
 10734 | D:8      | HP: 6/71 [skeletal warrior[a skeletal warrior] (21)]
 10735 | D:8      | Killed a skeletal warrior
 11112 | D:9      | Noticed a two-headed ogre
 11115 | D:9      | Noticed Harold
 11134 | D:8      | Killed a two-headed ogre
 11398 | D:9      | Killed Harold
 11693 | D:10     | Entered Level 10 of the Dungeon
 11984 | D:10     | Found a staircase to the Lair.
 12081 | D:10     | Noticed a two-headed ogre
 12100 | D:10     | Killed a two-headed ogre
 12101 | D:10     | Reached skill level 16 in Air Magic
 12101 | D:10     | Reached XP level 12. HP: 77/77 MP: 14/23
 12151 | D:10     | Reached *** piety under Vehumet
 12394 | D:10     | Reached skill level 10 in Fighting
 13112 | D:10     | Noticed a centaur warrior
 13507 | D:10     | Killed a centaur warrior
 13607 | Lair:1   | Entered Level 1 of the Lair of Beasts
 13905 | D:10     | HP: 7/78 [cane toad (18)]
 14411 | Lair:1   | Reached skill level 17 in Air Magic
 14697 | D:11     | Noticed Sonja
 14706 | D:11     | Killed Sonja
 14706 | D:11     | Offered knowledge of Mephitic Cloud by Vehumet.
 14714 | D:11     | Learned a level 3 spell: Mephitic Cloud
 14719 | D:11     | Noticed a two-headed ogre
 14744 | D:11     | Killed a two-headed ogre
 14873 | D:11     | Found a frozen archway.
 14882 | IceCv    | Entered an ice cave
 15289 | IceCv    | Reached skill level 1 in Poison Magic
 15363 | IceCv    | Reached skill level 18 in Air Magic
 15409 | IceCv    | Reached XP level 13. HP: 60/84 MP: 5/26
 15691 | IceCv    | Learned a level 5 spell: Freezing Cloud
 15695 | IceCv    | Learned a level 3 spell: Ignite Poison
 15701 | IceCv    | Reached **** piety under Vehumet
 15999 | IceCv    | Offered knowledge of Bolt of Magma by Vehumet.
 16166 | IceCv    | Noticed a frost giant
 16191 | IceCv    | Killed a frost giant
 16405 | IceCv    | Reached skill level 5 in Conjurations
 17364 | D:11     | Noticed Urug
 17577 | D:11     | Killed Urug
 17914 | D:11     | Reached skill level 19 in Air Magic
 18127 | D:11     | Identified the +6 ring mail "Arotal" {*Slow Will+ Dex+4}
 18176 | D:11     | Reached skill level 1 in Ice Magic
 19945 | Lair:2   | Reached skill level 5 in Poison Magic
 21267 | Lair:3   | Reached skill level 5 in Stealth
 21267 | Lair:3   | Reached XP level 14. HP: 90/90 MP: 20/27
 21332 | Lair:3   | Reached ***** piety under Vehumet
 21332 | Lair:3   | Offered knowledge of Spellforged Servitor by Vehumet.
 21385 | Lair:3   | Found a staircase to the Shoals.
 21622 | Lair:3   | Found a runed translucent gate.
 21623 | Lair:3   | Found a runed translucent gate.
 21625 | Lair:3   | Found a runed translucent gate.
 21627 | Lair:3   | Noticed Omnamae's ghost (journeyman MiBe)
 21627 | Lair:3   | Noticed Emecuovvich's ghost (journeyman OgBe)
 21653 | Lair:3   | Reached skill level 20 in Air Magic
 22448 | Lair:2   | Killed Omnamae's ghost
 22622 | Lair:3   | Killed Emecuovvich's ghost
 23088 | Lair:4   | Found an ornate altar of the Wu Jian Council.
 23088 | Lair:4   | Found a hide-covered altar of Uskayaw.
 23202 | Lair:4   | Found a staircase to the Snake Pit.
 23709 | Lair:5   | Reached skill level 5 in Ice Magic
 24037 | Lair:5   | Found a runed translucent door.
 24165 | Lair:5   | Reached skill level 21 in Air Magic
 24922 | Lair:5   | Found a viscous altar of Jiyva.
 24923 | Lair:5   | Found a staircase to the Slime Pits.
 24991 | Lair:3   | Identified the +0 pair of gloves "Wapsur Hent" {rN+}
 25301 | Lair:5   | Reached skill level 1 in Armour
 25305 | Lair:5   | Reached XP level 15. HP: 94/94 MP: 16/29
 26151 | Lair:5   | Reached skill level 22 in Air Magic
 26822 | Lair:6   | Entered Level 6 of the Lair of Beasts
 27107 | Lair:6   | Reached skill level 5 in Armour
 27175 | Lair:6   | Found a dark tunnel.
 27184 | Volcano  | Entered a volcano
 27365 | Volcano  | Noticed an orb of fire
 27404 | Volcano  | Noticed an orb of fire
 27734 | Volcano  | Offered knowledge of Lightning Bolt by Vehumet.
 28219 | Lair:6   | quinnr: ??brand weapon
 28219 | Lair:6   | beem: scroll of brand weapon[1/2]: Adds a random brand to a
                  | non-artefact, non-blowgun weapon (see[2]). Rebranding away
                  | from wielded distortion does not cause a distortion unwield
                  | effect.
 28219 | Lair:6   | quinnr: ??brand weapon[2
 28219 | Lair:6   | beem: scroll of brand weapon[2/2]: Brands melee weapons to:
                  | 19.0% flaming, 19.0% freezing, 15.8% vorpal, 12.7% venom,
                  | 9.49% drain, 9.49% electrocution, 7.59% protection, 5.06%
                  | vampiricism, 1.90% chaos. Ranged weapons: 27.5% flaming,
                  | 27.5% freezing, 19.2% venom, 19.2% vorpal, 4.2%
                  | electrocution, 2.5% chaos. Reroll if same as current brand
                  | or disliked by your god.
 28331 | Lair:6   | quinnr: ??str
 28331 | Lair:6   | beem: strength[1/2]: Strength reduces penalties from
                  | wearing body armour; see {aevp}. Has a small impact on
                  | melee and launcher base damage, roughly +25% of initial
                  | damage per 10 points of str above 10.
 28331 | Lair:6   | quinnr: ??str[2
 28331 | Lair:6   | beem: strength[2/2]: applies a slightly harsher penalty for
                  | str<10>
                  | ERROR: string above had unterminated tag
 28470 | Lair:6   | Reached skill level 23 in Air Magic
 29727 | D:12     | Found a portal to a secret trove of treasure.
 29946 | D:12     | Found a staircase to the Orcish Mines.
 30126 | D:12     | Reached XP level 16. HP: 86/100 MP: 16/30
 30473 | D:12     | Found Xiploss's Magic Scroll Shop.
 30477 | D:12     | Bought a scroll of identify for 28 gold pieces
 30478 | D:12     | Reached XP level 17. HP: 104/104 MP: 31/31
 30986 | Orc:1    | Entered Level 1 of the Orcish Mines
 30986 | Orc:1    | Noticed Nergalle
 31098 | Orc:1    | Killed Nergalle
 31787 | Orc:1    | Reached ****** piety under Vehumet
 31787 | Orc:1    | Offered knowledge of Iron Shot by Vehumet.
 31870 | Orc:1    | quinnr: ??inscribe
 31870 | Orc:1    | beem: inscription[1/4]: !w to prompt before
                  | 'w'ielding/unwielding. Same format for 'a'ttacking,
                  | 'd'ropping, 'e'ating, 'q'uaffing, 'r'eading, 'f'iring,
                  | 'W'earing/'T'aking off armour, 'P'utting on/'R'emoving
                  | jewellery, e'v'oking, 'Q'uivering, 'D'estroying, '*'all.
 32009 | Orc:1    | Noticed Josephine
 32016 | Orc:1    | Killed Josephine
 32271 | Orc:1    | Learned a level 6 spell: Conjure Ball Lightning
 32283 | Orc:2    | Entered Level 2 of the Orcish Mines
 32327 | Orc:2    | Noticed Erolcha
 32887 | Orc:2    | Found Asuat's Antique Armour Shop.
 32894 | Orc:2    | Found Giwuemid's Book Shop.
 32927 | Orc:2    | Found Xaedem's General Store.
 32962 | Orc:2    | Cast into level 1 of the Abyss (Erolcha)
 33024 | Orc:2    | Escaped the Abyss
 33030 | Orc:2    | Killed Erolcha
 33123 | Orc:2    | Found a staircase to the Elven Halls.
 33142 | Orc:2    | Reached skill level 24 in Air Magic
 33388 | Orc:2    | Found Kefrumuf's Antique Weapon Shop.
 33764 | Orc:2    | Bought the Catalogue of Creative Poisoning for 816 gold
                  | pieces
 33769 | Orc:2    | Learned a level 4 spell: Summon Lightning Spire
 33978 | Snake:1  | Entered Level 1 of the Snake Pit
 33995 | Lair:4   | Reached skill level 10 in Spellcasting
 33998 | Lair:4   | Reached skill level 1 in Summonings
 35311 | Lair:4   | Found a hide-covered altar of Uskayaw.
 35313 | Lair:4   | Found an ornate altar of the Wu Jian Council.
 36040 | Snake:1  | Offered knowledge of Starburst by Vehumet.
 36239 | Snake:1  | Found Ryhaas's Armour Emporium.
 36998 | Snake:1  | quinnr: @?shock serp
 36998 | Snake:1  | beem: unknown monster: "shock serp"
 36998 | Snake:1  | quinnr: @?shock serpent
 36998 | Snake:1  | beem: shock serpent (S)
                  | Spd:
    15 | HD: 10   | HP: 44-67
                  | | AC/EV: 2/15
                  | Dam: 20(elec:10-14)
                  | cold-blooded
                  | Res:
                  | magic(40), elec+++
                  | Corpse
                  | XP: 827
                  | Sp: b.electrical
                  | (3d13) [!AM, !sil]
                  | Sz: Medium
                  | Int: animal.
 37203 | Snake:2  | Reached skill level 5 in Summonings
 39966 | Snake:3  | Offered knowledge of Eringya's Noxious Bog by Vehumet.
 40142 | Snake:3  | Reached XP level 18. HP: 74/110 MP: 21/33
 40328 | Snake:3  | Noticed Agnes
 40335 | Snake:3  | Killed Agnes
 40953 | Snake:3  | HP: 9/110 [naga sharpshooter/arrow (21)]
 40954 | Snake:3  | HP: 4/110 [anaconda (2)]
 40959 | Snake:2  | HP: 8/110 [poisoned by a naga ritualist (toxic radiance)]
 42751 | Shoals:1 | Entered Level 1 of the Shoals
 43000 | Shoals:1 | Offered knowledge of Yara's Violent Unravelling by Vehumet.
 43042 | Shoals:1 | Noticed Nikola
 43251 | Shoals:1 | Reached skill level 10 in Dodging
 43889 | Shoals:2 | Learned a level 7 spell: Storm Form
 43965 | Shoals:2 | Reached skill level 1 in Transmutations
 44626 | Shoals:1 | Killed Nikola
 45030 | D:8      | Bought a ring of protection from fire for 350 gold pieces
 45549 | Shoals:1 | Noticed Jorgrun
 45563 | Shoals:1 | Killed Jorgrun
 45980 | Shoals:3 | Reached skill level 5 in Transmutations
 46252 | Shoals:3 | Noticed Polyphemus
 46260 | Shoals:3 | Killed Polyphemus
 46433 | Shoals:3 | Reached XP level 19. HP: 24/114 MP: 33/35
 47054 | Shoals:3 | Reached skill level 10 in Stealth
 47165 | Shoals:3 | Found Atuakhim's General Store.
 47360 | Shoals:3 | Offered knowledge of Lehudib's Crystal Spear by Vehumet.
 47632 | Shoals:4 | Entered Level 4 of the Shoals
 47741 | Shoals:4 | Paralysed by an air elemental for 1 turns
 49010 | Shoals:4 | Paralysed by an air elemental for 1 turns
 49014 | Shoals:4 | Paralysed by an air elemental for 1 turns
 49339 | Shoals:4 | Reached skill level 25 in Air Magic
 50229 | Shoals:4 | Paralysed by an air elemental for 1 turns
 50362 | Shoals:4 | Found a blossoming altar of Fedhas.
 50453 | Shoals:4 | Paralysed by an air elemental for 1 turns
 52072 | Shoals:4 | Paralysed by an air elemental for 1 turns
 52369 | Shoals:4 | Got a barnacled rune of Zot
 52919 | D:13     | Noticed Maurice
 52923 | D:13     | Killed Maurice
 53799 | D:13     | Found a gate to the Vaults.
 54011 | D:13     | Found a shadowy altar of Dithmenos.
 54617 | D:14     | Offered knowledge of Chain Lightning by Vehumet.
 54617 | D:14     | Offered knowledge of Ignition by Vehumet.
 54617 | D:14     | Offered knowledge of Maxwell's Capacitive Coupling by
                  | Vehumet.
 54775 | D:14     | Identified the amulet of Xaulasei {Rampage rPois Regen+
                  | Str-5}
 55032 | D:15     | Entered Level 15 of the Dungeon
 55262 | D:15     | Found a staircase to the Depths.
 55490 | D:15     | Found a hazy altar of Hepliaklqana.
 56549 | Snake:4  | Entered Level 4 of the Snake Pit
 56562 | Snake:4  | Reached XP level 20. HP: 118/121 MP: 28/38
 56900 | Snake:4  | Reached skill level 26 in Air Magic
 60864 | Snake:4  | Got a serpentine rune of Zot
 61883 | Vaults:1 | Entered Level 1 of the Vaults
 61955 | Vaults:1 | Found the +15 Maxwell's patent armour {-Cast -Tele rElec
                  | Will+ rCorr}
 62208 | Vaults:1 | Paralysed by a sphinx for 3 turns
 62672 | Vaults:1 | Reached skill level 10 in Conjurations
 63173 | Vaults:1 | Reached skill level 15 in Spellcasting
 63837 | Vaults:1 | Reached XP level 21. HP: 104/126 MP: 37/41
 64718 | Vaults:2 | Found Jiugg's General Store.
 64952 | Vaults:1 | Learned a level 9 spell: Chain Lightning
 65738 | Vaults:2 | Found a staircase to the Crypt.
 66969 | Vaults:2 | Reached skill level 15 in Conjurations
 68182 | Vaults:3 | Identified the +1 chain mail of Beyond {Will+ Int+2}
 68186 | Vaults:3 | Reached skill level 27 in Air Magic
 68881 | Vaults:3 | Found Zesk's Distillery.
 70078 | Vaults:3 | Reached XP level 22. HP: 110/135 MP: 22/42
 70324 | Vaults:3 | quinnr: ??vaults
 70324 | Vaults:3 | beem: vaults[1/2]: Accessed from the main dungeon somewhere
                  | between levels 13 and 14. Five levels deep. A large group
                  | of guards await on the bottom floor (see {vaults:5}), where
                  | you can find several item vaults and a silver rune. There
                  | are also ordinary {vault}s.
 72315 | Vaults:5 | Entered Level 5 of the Vaults
 72327 | Vaults:5 | Noticed an ancient lich
 72483 | Vaults:5 | HP: 8/138 [stone giant (17)]
 72508 | Vaults:5 | Identified the +5 morningstar "Killer Klown's Regret"
                  | {protect, Drain Will++ Dex+5}
 72510 | Vaults:5 | Killed from afar by a deep elf high priest

Illustrated notes

Levels and vault maps discovered:
D:1:      dpeg_arrival_solitude, layout_basic, serial_shops,
          nicolae_shop_overgrown_old_shop
D:2:      kennysheep_six_static_rooms, layout_rooms
D:3:      minmay_recursive_quarters, layout_rooms, marbit_many_paths,
          nemelex_spade_bored_becter, ebering_ecumenical_altar_hall
D:4:      kennysheep_the_goblin_king, layout_basic, enter_ossuary_1
D:5:      layout_layer_cave, general_overflow_altar, minmay_crystal_room,
          uniq_grinder
D:6:      layout_cave_pods, nicolae_ru_awakened_eye,
          mainiacjoe_overflow_alcove_1, nicolae_uskayaw_suspiria,
          ebering_ghost_rock_garden
D:7:      layout_cave_pools, zin_purify, minmay_temple_entry_overgrown,
          uniq_menkaure, uniq_maggie, uniq_pikel, uniq_crazy_yiuf_cottage
D:8:      layout_cave_pools, ashenzari_altar_1, serial_gnoll_camp,
          gnoll_camp_mini_hut, grums_kennel, gnoll_camp_mini_basic,
          gnoll_camp_mini_shop, gnoll_camp_mini_sergeant,
          mrwooster_statue_mirror, minmay_alternating_orb, uniq_joseph,
          uniq_psyche
D:9:      layout_loops_ring, st_stairs_4, kennysheep_generic_room_4, uniq_harold
D:10:     minmay_chambers_of_sixes, layout_loops_corners, lair_entry_dummy,
          hangedman_decor_push
D:11:     layout_stronghold, serial_glass, glass_columns_c, glass_columns_b,
          feat_on_display, due_unseen_surprise, item_on_display_a,
          feat_on_display, portal_ice_cave_rime, uniq_sonja, uniq_urug
D:12:     layout_loops_ring, zombieorc2_lemuel, gauntlet_entry_generic,
          serial_shops, shop, enter_trove_5, minmay_joined_circles
D:13:     layout_basic, ximxim_vaults_locker_room, grunt_dithmenos_shadows,
          uniq_maurice
D:14:     layout_cross
D:15:     grunt_enter_depths_magical_seal, layout_basic, minmay_misc_feat_roman,
          nicolae_hepliaklqana_hippocampus
Temple:   nicolae_temple_great_sept
Lair:1:   layout_cave_shapes, grunt_megastairs_5
Lair:2:   layout_long_grid, minmay_stone_trees_small, minmay_lair_oklob_chamber,
          wad_woods_river_01, serial_bayou_shore_b
Lair:3:   layout_cellular_growth, minmay_shoals_entry_lonely_mermaid,
          gammafunk_ghost_cemetery, serial_bayou_shore_a, grunt_megastairs_2
Lair:4:   layout_loops_ring, guppyfry_snake_entry_garden,
          nzn_masters_of_martial_movement
Lair:5:   gammafunk_mikee_crab_dinner, layout_cave_pods, slime_altar_1
Lair:6:   evilmike_catoblepas_cave, layout_layer_cave,
          nicolae_volcano_entry_batcave, chequers_serial_rivers_room_a,
          lemuel_fruit_fields, serial_bayou_shore_b
Shoals:1: layout_shoals, nicolae_shoals_beach_house_on_fowls_legs, uniq_nikola,
          uniq_jorgrun
Shoals:2: layout_shoals
Shoals:3: layout_shoals, serial_shops, shop,
          nicolae_shoals_stone_sculpture_thing,
          nicolae_shoals_kraken_intersection, uniq_polyphemus
Shoals:4: shoals_end_hellmonk_storm_palace [storm_palace_center_circular,
          storm_palace_corner_narrow, storm_palace_corner_narrow,
          storm_palace_corner_altar, storm_palace_corner_narrow]
Snake:1:  layout_misc_corridors, serial_shops, shop
Snake:2:  layout_misc_corridors, serial_bayou_pond_b
Snake:3:  layout_chambers, guppyfry_snake_island, uniq_agnes
Snake:4:  grunt_snake_rune_pools, layout_chambers,
          nicolae_snake_gridmaze_zigzag, drop_trap, grunt_ministairs_14
Orc:1:    layout_diamond_mine, uniq_nergalle, uniq_josephine
Orc:2:    grunt_orc_cross, layout_caves, uniq_erolcha
Vaults:1: nicolae_vaults_little_squares_5, v_alt_pattern_5, v_pattern_5,
          nicolae_vaults_big_ls, hangedman_vaults_restitches,
          hangedman_vaults_hat, nicolae_vaults_little_squares_1,
          nicolae_vaults_alarming, nicolae_vaults_little_ls,
          ontoclasm_vaults_gateway, vaults_dpeg_ring, layout_vaults_omnicross
Vaults:2: nicolae_vaults_little_squares_4, minmay_crypt_entry_simple_round,
          v_misc_4, v_pattern_2, hangedman_vaults_restitches,
          vaults_standard_mumra_lines, vaults_room_corners,
          nicolae_vaults_twisting_passages, layout_vaults_omnigrid,
          serial_shops, shop
Vaults:3: nicolae_vaults_little_squares_2, ontoclasm_vaults_ring_small,
          vaults_dpeg_cross, ontoclasm_vaults_ring_large,
          nicolae_vaults_network_quinsquares
          [nicolae_vaults_network_quincunx_subvault,
          nicolae_vaults_network_quincunx_subvault,
          nicolae_vaults_network_quincunx_subvault,
          nicolae_vaults_network_quincunx_subvault], v_misc_11,
          nicolae_vaults_shelves_hall, st_more_cells,
          nicolae_vaults_windows_and_doors_thing,
          nicolae_vaults_little_squares_1, layout_vaults_big_room, serial_shops,
          shop
Vaults:4: nicolae_vaults_three_branches, v_misc_16, hangedman_vaults_maws,
          hangedman_vaults_locks, hangedman_vaults_variations,
          vaults_standard_mumra_enter_the_diamond, grunt_vaults_swirl,
          ontoclasm_vaults_decontamination, v_misc_16, layout_vaults_maze_snakey
Vaults:5

Skill      XL: |  1  2  3  4  5  6  7  8  9 10 11 12 13 14 15 16 17 18 19 20 21 22 |
---------------+-------------------------------------------------------------------+-----
Shields        | 1 4 |  4.0
Air Magic      | 5 7 8 11 14 16 18 19 21 23 24 25 26 27 | 27.0
Fighting       | 1 3 4 5 7 8 9 11 13 14 | 14.5
Short Blades   | 1 |  1.0
Stealth        | 3 5 8 10 | 10.0
Spellcasting   | 3 4 5 7 8 9 10 11 13 15 | 15.5
Dodging        | 4 5 7 10 13 | 13.5
Conjurations   | 3 5 9 11 15 | 15.0
Poison Magic   | 1 5 |  5.0
Ice Magic      | 3 6 7 |  7.3
Armour         | 1 6 |  6.0
Summonings     | 5 |  5.0
Transmutations | 6 7 |  7.0
Slings         | |  0.2

Action                   |  1- 3 |  4- 6 |  7- 9 | 10-12 | 13-15 | 16-18 | 19-21 | 22-24 || total
-------------------------+-------+-------+-------+-------+-------+-------+-------+-------++-------
Melee: Short sword       |     8 |    95 |    13 |    18 |       |       |       |       ||   134
       Kick              |     2 |    19 |     5 |    26 |    21 |    11 |     9 |     3 ||    96
       Unarmed           |     1 |     9 |       |       |       |    13 |   136 |    13 ||   172
       Peck              |     1 |    12 |     3 |    16 |    16 |     7 |     3 |     1 ||    59
       Long sword        |       |       |       |    26 |    17 |       |       |       ||    43
       Staff             |       |       |       |     8 |    49 |    34 |    32 |     4 ||   127
Throw: Dart              |       |       |       |       |       |       |     1 |       ||     1
 Cast: Shock             |    63 |    64 |    88 |   297 |   172 |   136 |   196 |    14 ||  1030
       Airstrike         |       |     4 |    66 |   200 |   243 |   233 |   228 |    12 ||   986
       Silence           |       |       |       |     3 |     3 |       |     3 |       ||     9
       Poisonous Vapours |       |       |       |    27 |   224 |   200 |   298 |    50 ||   799
       Static Discharge  |       |       |       |     3 |       |       |       |       ||     3
       Freezing Cloud    |       |       |       |       |    97 |    85 |    87 |    11 ||   280
       Ignite Poison     |       |       |       |       |    97 |   142 |   214 |    38 ||   491
       Mephitic Cloud    |       |       |       |       |    13 |    17 |     5 |     1 ||    36
       Summon Lightning  |       |       |       |       |       |    22 |    68 |    14 ||   104
       Conjure Ball Ligh |       |       |       |       |       |     5 |     9 |       ||    14
       Storm Form        |       |       |       |       |       |     3 |    33 |     5 ||    41
       Chain Lightning   |       |       |       |       |       |       |    18 |    15 ||    33
 Abil: Blinkbolt         |       |       |       |       |       |       |    19 |     1 ||    20
Evoke: Wand              |       |       |       |     3 |     3 |     1 |     1 |       ||     8
  Use: Scroll            |       |     7 |     3 |    11 |    12 |     5 |     3 |     6 ||    47
       Potion            |       |       |       |     2 |     4 |     7 |     1 |     6 ||    20
 Stab: Sleeping          |       |     2 |       |       |       |       |       |       ||     2
       Distracted        |       |       |       |       |       |       |     2 |       ||     2
Armor: Robe              |       |    23 |     9 |    49 |    76 |    41 |    29 |       ||   227
       Skin              |       |       |       |       |       |     5 |    38 |     3 ||    46
Dodge: Dodged            |     6 |    89 |    30 |   185 |   197 |   233 |   398 |    39 ||  1177
Block: Buckler           |     3 |    32 |    21 |   107 |   122 |   111 |    96 |     8 ||   500
       Rpst.: Long sword |       |       |       |    30 |     2 |       |       |       ||    32

Table legend: (Time is in decaauts)
 A = Elapsed time spent in this place.
 B = Non-inter-level travel time spent in this place.
 C = Inter-level travel time spent in this place.
 D = Time resting spent in this place.
 E = Time spent auto-exploring this place.
 F = Levels seen in this place.
 G = Mean time per level.
                   A        B        C        D        E       F      G
               +--------+--------+--------+--------+--------+-----+--------+
         Total |  69400 |  64929 |   4471 |  20445 |  33843 |  41 | 1692.7 |
       Dungeon |  21068 |  19538 |   1530 |   4352 |  11933 |  15 | 1404.5 |
        Temple |     75 |     59 |     16 |      0 |     57 |   1 |   75.0 |
          Lair |  12276 |  11024 |   1252 |   3137 |   6432 |   6 | 2046.0 |
        Shoals |   9199 |   8646 |    553 |   3430 |   3841 |   4 | 2299.8 |
     Snake Pit |  11293 |  10819 |    474 |   5059 |   4125 |   4 | 2823.2 |
  Orcish Mines |   2076 |   1959 |    117 |    358 |   1061 |   2 | 1038.0 |
        Vaults |   9968 |   9442 |    526 |   3196 |   4775 |   5 | 1993.6 |
         Abyss |     56 |     56 |      0 |      0 |      0 |   1 |   56.0 |
       Ossuary |    463 |    463 |      0 |     49 |    254 |   1 |  463.0 |
      Ice Cave |   2209 |   2209 |      0 |    620 |   1027 |   1 | 2209.0 |
       Volcano |    713 |    713 |      0 |    239 |    333 |   1 |  713.0 |
               +--------+--------+--------+--------+--------+-----+--------+

Top non-repeatable levels by time:
 Snake:3: 3667 daAuts
Shoals:4: 3460 daAuts
  Lair:4: 3379 daAuts
Vaults:1: 3133 daAuts
 Snake:4: 2937 daAuts
Vaults:3: 2885 daAuts
    D:10: 2882 daAuts
 Snake:1: 2561 daAuts
  Lair:5: 2464 daAuts
Shoals:3: 2450 daAuts
     D:8: 2361 daAuts
Vaults:2: 2346 daAuts
    D:12: 2248 daAuts
   IceCv: 2209 daAuts
 Snake:2: 2127 daAuts
